 Dungeon Crawl Stone Soup version 0.25.0-46-gbd7b0854d2 (webtiles) character file.

Game seed: 6421480588866411960

185 Delamore the Chopper (level 5, -1/41 HPs)
             Began as a Formicid Fighter on July 16, 2020.
             Slain by Natasha (5 damage)
             ... on level 3 of the Dungeon.
             The game lasted 00:02:15 (2992 turns).

Delamore the Chopper (Formicid Fighter)             Turns: 2992, Time: 00:02:15

Health: -1/41      AC:  6    Str: 21    XL:     5   Next: 96%
Magic:  5/5        EV:  7    Int:  8    God:
Gold:   89         SH:  9    Dex: 10    Spells: 4/4 levels left

rFire    . . .     SeeInvis +   m - +0 hand axe
rCold    . . .     Gourm    .   c - +0 kite shield
rNeg     . . .     Faith    .   b - +0 scale mail
rPois    .         Spirit   .   (helmet unavailable)
rElec    .         Reflect  .   (no cloak)
rCorr    .         Harm     .   (no gloves)
MR       .....                  (no boots)
Stlth    ..........             (no amulet)
HPRegen  0.13/turn              l - ring of fire
MPRegen  0.09/turn              j - ring of ice

@: no status effects
A: permanent stasis, dig shafts and tunnels, four strong arms, antennae 3
a: Dig, Shaft Self


You were on level 3 of the Dungeon.
You were not hungry.

You visited 1 branch of the dungeon, and saw 3 of its levels.

You collected 89 gold pieces.

Inventory:

Hand Weapons
 a - a +0 war axe
 m - a +0 hand axe (weapon)
Missiles
 o - 3 javelins (quivered)
 q - 15 poisoned darts
Armour
 b - a +0 scale mail (worn)
 c - a +0 kite shield (worn)
Jewellery
 j - a ring of ice (right hand)
 l - a ring of fire (left hand)
Scrolls
 e - a scroll of teleportation {unknown}
 h - a scroll of remove curse {unknown}
 i - 4 scrolls of fog {unknown}
 k - 2 scrolls of identify {unknown}
 n - a scroll of random uselessness {unknown}
Potions
 d - 2 potions of might
 g - 3 potions of curing {unknown}
 p - 2 potions of heal wounds {unknown}
 r - a potion of resistance {unknown}
Comestibles
 f - 8 rations


   Skills:
 - Level 3.5 Fighting
 + Level 5.5 Axes
 - Level 3.2 Armour
 - Level 3.6 Shields


You had 4 spell levels left.
You didn't know any spells.
Your spell library was empty.

Dungeon Overview and Level Annotations

Branches:
Dungeon (3/15)

Altars:
Elyvilon

Annotations:
D:3 Natasha


Innate Abilities, Weirdness & Mutations

You cannot be hasted, slowed, berserked, paralysed or teleported.
You can dig through walls and to a lower floor.
Your four strong arms can wield two-handed weapons with a shield.
You have a pair of large antennae on your head. (SInv)


Message History

The crimson imp closely misses you. Natasha claws you.
* * * LOW HITPOINT WARNING * * *
You closely miss Natasha.
Natasha is heavily wounded.
You hit the crimson imp. You hit the iron imp.
You kill the iron imp!
You block the crimson imp's attack.
Natasha wildly gestures.
Natasha shimmers violently.
Natasha closely misses you.
The crimson imp shouts, "Embrace thy doom, thou spongy onion-eyed bloater!"
The crimson imp blinks!
You hit Natasha.
Natasha is severely wounded.
You block Natasha's attack. Natasha claws you.
* * * LOW HITPOINT WARNING * * *
You hit Natasha but do no damage.
Natasha is severely wounded.
Natasha claws you.
You die...

### ..# #.# ..# ###
#####+####### #######
#.5..........
......####.....?..#
........##......†.#####.
....<...........@h.....(
#####.#.##........#..##.
..........####+##.# .#
########### .# ##


You could see Natasha and a crimson imp (summoned).

Vanquished Creatures
  A howler monkey (D:3)
  Natasha (D:3)
  4 adders (D:2)
  An ooze (D:3)
  2 worms
  2 dart slugs
  A leopard gecko (D:3)
  4 giant cockroaches
  12 hobgoblins
  8 jackals
  5 kobolds
  2 quokkas (D:2)
  6 bats
  4 frilled lizards
  8 goblins
  8 rats
69 creatures vanquished.

Vanquished Creatures (others)
  A bat (D:2)
1 creature vanquished.

Grand Total: 70 creatures vanquished

Notes
Turn   | Place    | Note
-------+----------+-------------------------------------------
     0 | D:1      | Delamore the Formicid Fighter began the quest for the Orb.
     0 | D:1      | Reached XP level 1. HP: 18/18 MP: 1/1
    90 | D:1      | Reached XP level 2. HP: 15/24 MP: 2/2
   668 | D:1      | Reached skill level 3 in Axes
   668 | D:1      | Reached XP level 3. HP: 19/29 MP: 3/3
  1119 | D:2      | Found a white marble altar of Elyvilon.
  1358 | D:2      | Reached XP level 4. HP: 33/35 MP: 4/4
  1473 | D:2      | Reached skill level 4 in Axes
  2201 | D:2      | Reached XP level 5. HP: 39/41 MP: 5/5
  2451 | D:3      | Noticed Natasha
  2460 | D:3      | Killed Natasha
  2460 | D:3      | Reached skill level 5 in Axes
  2973 | D:3      | Noticed Natasha
  2992 | D:3      | Slain by Natasha

Illustrated notes

Levels and vault maps discovered:
D:1:      moated_graveyard_arrival, layout_loops_ring
D:2:      layout_loops_ring, elyvilon_altar_4
D:3:      layout_basic, lemuel_crystal_altar, uniq_natasha,
          uniq_crazy_yiuf_cottage

Skill      XL: |  1  2  3  4  5 |
---------------+----------------+-----
Axes           | 3 4 5 |  5.5
Fighting       | |  3.5
Armour         | |  3.2
Shields        | |  3.6

Action                   |  1- 3 |  4- 6 || total
-------------------------+-------+-------++-------
Melee: War axe           |    93 |       ||    93
       Hand axe          |    39 |   182 ||   221
Throw: Javelin           |       |     6 ||     6
  Eat: Chunk             |     2 |     5 ||     7
Armor: Scale mail        |    58 |    71 ||   129
Dodge: Dodged            |    39 |    41 ||    80
Block: Kite shield       |    88 |    77 ||   165
